[Event "December 12 Late 2023"]
[Site "https://www.chess.com"]
[Date "2023.12.12"]
[Round "2"]
[White "Rodriguez Fontecha, Marcos"]
[Black "Rastbod, Ali"]
[Result "0-1"]
[Board "55"]
[TimeControl "180+1"]
[WhiteFideId "2256576"]
[BlackFideId "12567477"]
[WhiteElo "2475"]
[BlackElo "2748"]
[WhiteTeam "ESP"]
[BlackTeam "IRI"]
[WhiteClock "0:00:00"]
[BlackClock "0:00:09"]

1. d4 Nf6 2. Nf3 b6 3. g3 Bb7 4. Bg2 g6 5. O-O Bg7 6. c4 O-O 7. Qc2 e6 8. Nc3 d5 9. b3 Nbd7 10. Bb2 Re8 11. Rfd1 Rc8 12. e3 a6 13. a4 c5 14. Qe2 Qc7 15. Rac1 Qb8 16. Ba3 Qa8 17. Ne1 cxd4 18. exd4 dxc4 19. bxc4 Bxg2 20. Nxg2 Rc7 21. Bd6 Rc6 22. Bf4 Rec8 23. Na2 Ne8 24. Nb4 Rd6 25. Bxd6 Nxd6 26. c5 Nf5 27. c6 Nf6 28. Qxa6 Qxa6 29. Nxa6 Nd5 30. Rc4 Nd6 31. Rc2 Ra8 32. c7 Nc8 33. Nb8 Rxa4 34. Ne3 Bxd4 35. Nxd5 exd5 36. Rcd2 Be5 37. Rxd5 Bxc7 38. Rc1 Ne7 39. Rd7 Bxb8 40. Rd8+ Kg7 41. Rxb8 Rb4 42. Rb7 Nd5 43. Rd1 Nf6 44. Ra1 Ne4 45. Rd7 Nc5 46. Re7 Na4 47. Rd1 Rb5 48. g4 Nc5 49. Ra1 Rb4 50. h3 Rf4 51. Raa7 Rf6 52. Ra8 Ne6 53. Rb8 Ng5 54. Kg2 Nf3 55. Rxb6 Nh4+ 56. Kf1 Rxb6 57. Ra7 Rf6 58. Ra5 Nf3 59. Kg2 Ne1+ 60. Kf1 Nd3 61. Ra2 Rd6 62. Kg2 Nf4+ 63. Kg3 Ne6 64. h4 Rd3+ 65. Kh2 h5 66. gxh5 gxh5 67. Ra5 Kg6 68. Re5 Rf3 69. Kg2 Rf5 70. Re1 Nf4+ 71. Kg3 Nd5 72. Rg1 Kf6 73. Rd1 Nf4 74. Rd8 Ng6 75. Rd6+ Kg7 76. Rd1 Rf4 77. Rd5 Rg4+ 78. Kf3 Rxh4 79. Kg3 Rg4+ 80. Kh3 Nf4+ 0-1

[Event "December 12 Late 2023"]
[Site "https://www.chess.com"]
[Date "2023.12.12"]
[Round "2"]
[White "Adewumi, Tanitoluwa"]
[Black "Bazilius, Augustinas"]
[Result "1-0"]
[Board "56"]
[TimeControl "180+1"]
[WhiteFideId "30966396"]
[BlackFideId "12832251"]
[WhiteElo "2745"]
[BlackElo "2464"]
[WhiteTeam "USA"]
[BlackTeam "LTU"]
[WhiteClock "0:00:32"]
[BlackClock "0:00:30"]

1. e4 c5 2. Nf3 a6 3. c3 d5 4. exd5 Qxd5 5. d4 Nf6 6. Na3 cxd4 7. cxd4 e6 8. Nc4 Be7 9. Bd3 O-O 10. O-O Nbd7 11. Bf4 b5 12. Ne3 Qh5 13. Rc1 Bb7 14. Be2 Rac8 15. Rxc8 Rxc8 16. Ne5 Qh4 17. Bg3 Qg5 18. Bf3 Bxf3 19. Qxf3 h5 20. h4 Qh6 21. Qb7 Rd8 22. Nc6 Re8 23. d5 exd5 24. Nxe7+ Rxe7 25. Nf5 1-0

[Event "December 12 Late 2023"]
[Site "https://www.chess.com"]
[Date "2023.12.12"]
[Round "2"]
[White "Ladan, Nicholas"]
[Black "Zou, Chen"]
[Result "0-1"]
[Board "57"]
[TimeControl "180+1"]
[WhiteFideId "30918855"]
[BlackFideId "8610959"]
[WhiteElo "2457"]
[BlackElo "2745"]
[WhiteTeam "USA"]
[BlackTeam "CHN"]
[WhiteClock "0:00:00"]
[BlackClock "0:00:12"]

1. d4 f5 2. g3 e6 3. Bg2 Nf6 4. Nh3 Be7 5. O-O O-O 6. c4 d6 7. Nc3 Qe8 8. Nf4 Bd8 9. b3 a5 10. e4 fxe4 11. Nxe4 Nc6 12. Bb2 Nxe4 13. Bxe4 Bf6 14. Re1 Qf7 15. Qd3 g5 16. Ne2 Bd7 17. Rad1 Qg7 18. a3 Rab8 19. Qe3 Ne7 20. Kg2 b6 21. g4 Rbe8 22. Ng3 Ng6 23. Bxg6 hxg6 24. Ne4 Bd8 25. Nxg5 Bc6+ 26. f3 Bxg5 27. Qxg5 Bxf3+ 28. Kg3 Bxd1 29. Rxd1 Qf7 30. Rd2 Kg7 31. d5+ e5 0-1

[Event "December 12 Late 2023"]
[Site "https://www.chess.com"]
[Date "2023.12.12"]
[Round "2"]
[White "Federzoni, Enzo"]
[Black "Onyshchuk, Volodymyr"]
[Result "1/2-1/2"]
[Board "58"]
[TimeControl "180+1"]
[WhiteFideId "2173301"]
[BlackFideId "14114038"]
[WhiteElo "2448"]
[BlackElo "2740"]
[WhiteTeam "BRA"]
[BlackTeam "UKR"]
[WhiteClock "0:00:09"]
[BlackClock "0:00:09"]

1. e4 d6 2. d4 Nf6 3. Nc3 g6 4. f4 Bg7 5. Nf3 O-O 6. Bd3 Na6 7. O-O c5 8. d5 Bg4 9. Kh1 Rb8 10. h3 Bxf3 11. Rxf3 Nc7 12. a4 a6 13. a5 Nb5 14. Bxb5 axb5 15. e5 dxe5 16. fxe5 Nd7 17. e6 fxe6 18. dxe6 Rxf3 19. Qxf3 Ne5 20. Qe2 b4 21. Ne4 Qd5 22. Bf4 Rf8 23. Bg3 Nc6 24. c3 Qxe6 25. Re1 bxc3 26. bxc3 Qd5 27. Qe3 c4 28. Nc5 Bh6 29. Qe6+ Qxe6 30. Rxe6 Nxa5 31. Rxe7 Rf1+ 32. Kh2 Bf8 33. Rc7 Rf7 34. Rc8 Nc6 35. Ne6 Rf6 36. Ng5 h6 37. Ne4 Rf1 38. Bd6 Kg7 39. Rc7+ Rf7 40. Bxf8+ Kxf8 41. Rc8+ Kg7 42. Nd6 Rd7 43. Nxb7 Ne5 44. Na5 Rd3 45. Nxc4 Rxc3 46. Nd6 Rxc8 47. Nxc8 Kf6 48. Nb6 Ke6 49. Na4 Kd5 1/2-1/2

[Event "December 12 Late 2023"]
[Site "https://www.chess.com"]
[Date "2023.12.12"]
[Round "2"]
[White "Bolourchifard, Farzad"]
[Black "Olsson, William"]
[Result "1-0"]
[Board "59"]
[TimeControl "180+1"]
[WhiteFideId "12510084"]
[BlackFideId "1741721"]
[WhiteElo "2732"]
[BlackElo "2404"]
[WhiteTeam "IRI"]
[BlackTeam "SWE"]
[WhiteClock "0:00:20"]
[BlackClock "0:00:08"]

1. d4 d5 2. Nf3 Nf6 3. c4 c6 4. Nc3 e6 5. Bg5 h6 6. Bxf6 Qxf6 7. e3 Nd7 8. cxd5 exd5 9. Bd3 Bd6 10. O-O O-O 11. Rb1 Qe7 12. a3 a5 13. Qc2 Nf6 14. Bf5 Bxf5 15. Qxf5 Rfe8 16. Rfc1 Ne4 17. Nxe4 dxe4 18. Nd2 g6 19. Qh3 h5 20. Nc4 Bc7 21. b4 axb4 22. axb4 Ra4 23. b5 cxb5 24. Rxb5 Rb4 25. Rxb4 Qxb4 26. Qd7 Re7 27. Qc8+ Kg7 28. g3 b5 29. Na3 Bxg3 30. hxg3 Qxa3 31. Rb1 b4 32. Qb8 Qa2 33. Qxb4 Qe2 34. Qxe7 h4 35. Qxh4 Qxe3 36. fxe3 1-0

[Event "December 12 Late 2023"]
[Site "https://www.chess.com"]
[Date "2023.12.12"]
[Round "2"]
[White "Cardoso Cardoso, Jose Gabriel"]
[Black "NovakRatko"]
[Result "1-0"]
[Board "60"]
[TimeControl "180+1"]
[WhiteFideId "4430492"]
[WhiteElo "2724"]
[BlackElo "2389"]
[WhiteTeam "COL"]
[WhiteClock "0:00:44"]
[BlackClock "0:01:37"]

1. d4 d5 2. Nc3 c5 3. e4 dxe4 4. d5 Nf6 5. f3 exf3 6. Nxf3 a6 7. Bg5 e6 8. dxe6 Qxd1+ 9. Rxd1 Bxe6 10. Bxf6 gxf6 11. Nd5 Bxd5 12. Rxd5 Nd7 13. Bd3 O-O-O 14. Bf5 Kc7 15. O-O Ne5 16. Rxd8 Nxf3+ 17. Rxf3 Kxd8 18. Be4 Be7 19. Bxb7 a5 20. Bd5 h5 21. Bxf7 Kc7 22. Kf2 Rh6 23. h4 f5 24. g3 Rf6 25. Bxh5 f4 26. Rxf4 Rxf4+ 27. gxf4 Bxh4+ 28. Ke3 Kd6 29. Ke4 Bf6 30. b3 Bc3 31. Be2 Bb2 32. Bc4 Bc3 33. Be2 Bb2 34. a4 Bc3 35. Kd3 Ba1 36. Kc4 Bd4 37. f5 Kc6 38. Bf3+ Kb6 39. Kd5 Bb2 40. Ke6 1-0

[Event "December 12 Late 2023"]
[Site "https://www.chess.com"]
[Date "2023.12.12"]
[Round "2"]
[White "Haraguchi, Diego Sashaki"]
[Black "Pakleza, Zbigniew"]
[Result "0-1"]
[Board "61"]
[TimeControl "180+1"]
[WhiteFideId "22729925"]
[BlackFideId "1119290"]
[WhiteElo "2385"]
[BlackElo "2720"]
[WhiteTeam "BRA"]
[BlackTeam "POL"]
[WhiteClock "0:00:06"]
[BlackClock "0:00:11"]

1. d4 d6 2. e4 Nf6 3. Nc3 c6 4. Nf3 Bg4 5. Be2 e6 6. Be3 d5 7. e5 Nfd7 8. Nd2 Bxe2 9. Nxe2 c5 10. c3 Nc6 11. O-O Qb6 12. Qc2 Be7 13. Nb3 cxd4 14. Nbxd4 Qc7 15. f4 O-O 16. Qd2 Nc5 17. Ng3 g6 18. Rac1 Rfd8 19. Qe2 a6 20. Qg4 Bf8 21. h4 Ne7 22. h5 Bg7 23. hxg6 hxg6 24. Nf3 Nd3 25. Rc2 Nf5 26. Nxf5 exf5 27. Qh4 Qc4 28. Bd4 Nc5 29. Ng5 Ne6 30. Nxe6 fxe6 31. Rf3 Kf7 32. Rg3 Rh8 33. Qg5 Rh6 34. b3 Qc7 35. Rh3 Rxh3 36. gxh3 Qe7 37. Qg3 Rh8 38. Rg2 Rh6 39. Kh2 Qh4 40. Qf3 Rh8 41. Bf2 Qh5 42. Qe3 Bh6 43. Bg3 Qxh3+ 44. Kxh3 Bxf4+ 45. Bh4 Bxe3 46. Kg3 g5 47. Bxg5 Bxg5 48. Kf3 Bh6 49. c4 dxc4 50. bxc4 Bg7 51. Rb2 Rb8 52. Kf4 b5 53. a4 b4 54. a5 Bf8 55. Rd2 b3 56. Rd7+ Be7 57. Rd1 b2 58. Rb1 Ba3 59. Ke3 Rd8 60. Ke2 Rd4 61. Ke3 Rxc4 0-1

[Event "December 12 Late 2023"]
[Site "https://www.chess.com"]
[Date "2023.12.12"]
[Round "2"]
[White "Storn, Justin"]
[Black "Timmermans, Mark"]
[Result "0-1"]
[Board "62"]
[TimeControl "180+1"]
[WhiteFideId "30922720"]
[BlackFideId "1026399"]
[WhiteElo "2365"]
[BlackElo "2709"]
[WhiteTeam "USA"]
[BlackTeam "NED"]
[WhiteClock "0:00:00"]
[BlackClock "0:00:03"]

1. e4 e5 2. Nc3 Nf6 3. f4 d5 4. fxe5 Nxe4 5. Qf3 f5 6. d4 c5 7. Bb5+ Nc6 8. Nge2 Be7 9. Be3 O-O 10. Bxc6 bxc6 11. dxc5 Nxc5 12. O-O Ne6 13. Rad1 Qe8 14. Nd4 Nxd4 15. Bxd4 Be6 16. Qe3 Qb8 17. Na4 Re8 18. b3 h6 19. Rde1 Qc7 20. Bc5 Bg5 21. Qd4 f4 22. Bd6 Qf7 23. h4 Bxh4 24. Rxf4 Qxf4 25. Qxf4 Bxe1 26. Nc5 Bb4 27. Nb7 Bxd6 28. Nxd6 Re7 29. Qa4 Bd7 30. Qd4 Rf8 31. c4 Be6 32. c5 Bd7 33. b4 g5 34. a4 Rf4 35. Qd2 Rxe5 36. b5 Rxa4 37. b6 axb6 38. cxb6 Ra1+ 39. Kh2 Rb1 40. Qc3 Re6 41. Qc5 h5 42. b7 h4 43. Qa7 Ree1 44. Qb8+ Kh7 0-1

[Event "December 12 Late 2023"]
[Site "https://www.chess.com"]
[Date "2023.12.12"]
[Round "2"]
[White "Wafa, Hamed"]
[Black "Kujawski, Adam"]
[Result "0-1"]
[Board "63"]
[TimeControl "180+1"]
[WhiteFideId "10628452"]
[BlackFideId "1100920"]
[WhiteElo "2706"]
[BlackElo "2342"]
[WhiteTeam "EGY"]
[BlackTeam "POL"]
[WhiteClock "0:00:20"]
[BlackClock "0:00:57"]

1. e4 e5 2. Nf3 Nc6 3. Bb5 a6 4. Bxc6 dxc6 5. O-O Bg4 6. h3 h5 7. d3 Qf6 8. Nbd2 Ne7 9. Re1 Ng6 10. d4 Bd6 11. hxg4 hxg4 12. Nh2 Rxh2 13. Kxh2 Qxf2 14. Nc4 Ke7 15. Bg5+ f6 16. Bh4 Rh8 17. Qxg4 Rxh4+ 18. Qxh4 Qxh4+ 19. Kg1 exd4 20. Nxd6 cxd6 21. Rad1 c5 22. Rf1 Ne5 23. Rf3 Nxf3+ 0-1

[Event "December 12 Late 2023"]
[Site "https://www.chess.com"]
[Date "2023.12.12"]
[Round "2"]
[White "Rose, Felix"]
[Black "Cieslak, Patryk"]
[Result "0-1"]
[Board "64"]
[TimeControl "180+1"]
[WhiteFideId "5105722"]
[BlackFideId "21078882"]
[WhiteElo "2325"]
[BlackElo "2706"]
[WhiteTeam "MEX"]
[BlackTeam "POL"]
[WhiteClock "0:00:56"]
[BlackClock "0:00:05"]

1. e4 e5 2. Nf3 Nf6 3. Nxe5 Nxe4 4. Qe2 Qe7 5. Qxe4 d6 6. d4 dxe5 7. dxe5 Nc6 8. Nc3 Qxe5 9. Qxe5+ Nxe5 10. Bf4 Bd6 11. Bg3 Bf5 12. O-O-O O-O-O 13. Nb5 a6 14. Nxd6+ cxd6 15. Be2 Rhe8 16. Rd2 d5 17. b3 d4 18. Rhd1 Nc6 19. Bf3 Be4 20. Bxe4 Rxe4 21. f3 Re6 22. Bf2 Rg6 23. g3 Rgd6 24. f4 Rd5 25. a3 Rh5 26. Bg1 Ra5 27. Kb2 Rad5 28. Rd3 R8d6 29. Kc1 Ra5 30. Kb2 Rad5 31. R1d2 h5 32. Ka2 Ra5 33. Kb2 Rad5 34. Rd1 Rd8 35. Ka2 Ra5 36. Kb2 Rad5 37. Ka2 Kc7 38. c3 f6 39. Bxd4 Kc8 40. Kb2 g5 41. fxg5 fxg5 42. Kc2 Rf8 43. Bb6 Rxd3 44. Rxd3 Rf1 45. c4 Rf6 46. c5 Rf8 47. b4 Ne5 48. Rd5 Nf3 49. h3 g4 50. Rxh5 gxh3 51. Rxh3 Nd4+ 52. Kd3 Nf3 53. g4 Ne5+ 54. Ke4 Nxg4 55. Rh7 Nf6+ 56. Ke5 Nxh7 57. b5 axb5 58. Kd5 Kd7 0-1

[Event "December 12 Late 2023"]
[Site "https://www.chess.com"]
[Date "2023.12.12"]
[Round "2"]
[White "Dyachuk, Artem"]
[Black "Marcziter, Dmitrii"]
[Result "1-0"]
[Board "65"]
[TimeControl "180+1"]
[WhiteFideId "34107924"]
[BlackFideId "13900765"]
[WhiteElo "2701"]
[BlackElo "2321"]
[WhiteTeam "UKR"]
[BlackTeam "GER"]
[WhiteClock "0:01:25"]
[BlackClock "0:01:01"]

1. e4 c5 2. Nf3 a6 3. c4 e6 4. d4 cxd4 5. Nxd4 Nf6 6. Nc3 Qc7 7. Qd3 Nc6 8. Nxc6 dxc6 9. Be2 e5 10. O-O Bc5 11. Qg3 O-O 12. Kh1 Bd4 13. Bg5 Nh5 14. Bxh5 f6 15. Be3 Be6 16. Bxd4 Bxc4 17. Rfe1 Qe7 18. Be3 Be6 19. Bg4 Bf7 20. Ne2 Rfd8 21. Rad1 Bxa2 22. Bb6 Rxd1 23. Rxd1 Qb4 24. Rd7 g6 25. Qh4 Bf7 26. Be6 Rf8 27. Bxf7+ Rxf7 28. Rxf7 Kxf7 29. Qxh7+ Ke6 30. Qg8+ Ke7 31. Qg7+ Ke6 32. Bd8 Qe1+ 33. Ng1 Qxe4 34. Qe7+ Kd5 35. Bb6 Kc4 36. Qc5+ Kb3 37. Qa3+ Kc2 38. Qc3+ Kb1 39. Nf3 Ka2 40. Qa3+ Kb1 41. Nd2+ 1-0

[Event "December 12 Late 2023"]
[Site "https://www.chess.com"]
[Date "2023.12.12"]
[Round "2"]
[White "Kornyukov, Alexey"]
[Black "Martinez Ramirez, Lennis"]
[Result "0-1"]
[Board "66"]
[TimeControl "180+1"]
[WhiteFideId "4150457"]
[BlackFideId "3509079"]
[WhiteElo "2310"]
[BlackElo "2701"]
[WhiteTeam "RUS"]
[BlackTeam "CUB"]
[WhiteClock "0:00:00"]
[BlackClock "0:01:14"]

1. d4 Nf6 2. c4 e6 3. Nc3 Bb4 4. f3 c5 5. d5 exd5 6. cxd5 O-O 7. e4 d6 8. Ne2 b5 9. Ng3 a6 10. a4 bxa4 11. Be2 a3 12. O-O axb2 13. Bxb2 Nbd7 14. h3 Nb6 15. Qc2 a5 16. Bb5 Ba6 17. Bxa6 Rxa6 18. Nf5 Nc4 19. Bc1 Ne8 20. Nb5 Ne5 21. f4 Ng6 22. Bb2 Rb6 23. Na3 Bxa3 24. Rxa3 Rb4 25. Re3 Nh4 26. Ng3 a4 27. Rd1 Qb6 28. Bc3 Rb3 29. Kh2 c4 30. Bd4 Qb4 31. e5 Rxe3 32. Bxe3 Qb3 33. Qe4 Qxd1 34. e6 Nf6 35. Qxc4 Qxd5 0-1

[Event "December 12 Late 2023"]
[Site "https://www.chess.com"]
[Date "2023.12.12"]
[Round "2"]
[White "Aldokhin, Ivan"]
[Black "Osmonbekov, Talaibek"]
[Result "1-0"]
[Board "67"]
[TimeControl "180+1"]
[WhiteFideId "24115720"]
[BlackFideId "2017253"]
[WhiteElo "2695"]
[BlackElo "2267"]
[WhiteTeam "RUS"]
[BlackTeam "USA"]
[WhiteClock "0:01:08"]
[BlackClock "0:00:00"]

1. e4 c5 2. Nf3 d6 3. d4 cxd4 4. Nxd4 Nf6 5. Nc3 g6 6. h3 Nc6 7. Bc4 Bg7 8. Be3 O-O 9. Bb3 Bd7 10. O-O Na5 11. f4 Nxb3 12. axb3 a6 13. Qf3 Qc7 14. g4 e6 15. f5 exf5 16. exf5 Rae8 17. g5 Bc6 18. Nxc6 bxc6 19. gxf6 Bxf6 20. Bh6 Bg7 21. Bxg7 Kxg7 22. Ne4 f6 23. Rad1 d5 24. Nc5 Qb6 25. Qf2 Qb4 26. Ne6+ Rxe6 27. fxe6 f5 28. Qd4+ 1-0

[Event "December 12 Late 2023"]
[Site "https://www.chess.com"]
[Date "2023.12.12"]
[Round "2"]
[White "Cooper, Aaron"]
[Black "Rosen, Eric"]
[Result "0-1"]
[Board "68"]
[TimeControl "180+1"]
[WhiteFideId "2634945"]
[BlackFideId "2032562"]
[WhiteElo "2263"]
[BlackElo "2692"]
[WhiteTeam "CAN"]
[BlackTeam "USA"]
[WhiteClock "0:00:00"]
[BlackClock "0:00:52"]

1. e4 c5 2. Nc3 e6 3. g3 a6 4. Bg2 b5 5. d3 Bb7 6. f4 b4 7. Nce2 d5 8. e5 Nh6 9. Nf3 Nf5 10. c3 Nc6 11. O-O h5 12. a3 Qb6 13. Kh1 b3 14. d4 a5 15. Qd3 Ba6 16. Qd2 cxd4 17. Nexd4 Ncxd4 18. Nxd4 Bxf1 19. Bxf1 Nxd4 20. cxd4 Be7 21. a4 O-O 22. Bb5 Rac8 23. Qd3 Rc7 24. Be3 Rfc8 25. Qxb3 Rc2 26. Rd1 Bb4 27. Bd3 R2c7 28. Bb1 Qa6 29. Bg1 Qe2 30. Qd3 Qxd3 31. Bxd3 Rc1 32. Rxc1 Rxc1 33. Kg2 Rd1 34. Bb5 Rd2+ 35. Bf2 Rxb2 36. Kf3 g6 37. h3 Rb3+ 38. Kg2 Ra3 39. g4 Be7 40. gxh5 gxh5 0-1

[Event "December 12 Late 2023"]
[Site "https://www.chess.com"]
[Date "2023.12.12"]
[Round "2"]
[White "Awoki, Daniel Teidi"]
[Black "Brodowski, Piotr"]
[Result "0-1"]
[Board "69"]
[TimeControl "180+1"]
[WhiteFideId "2100827"]
[BlackFideId "1124480"]
[WhiteElo "2250"]
[BlackElo "2689"]
[WhiteTeam "BRA"]
[BlackTeam "POL"]
[WhiteClock "0:00:11"]
[BlackClock "0:01:34"]

1. e4 g6 2. d4 Bg7 3. Nc3 d6 4. Be3 a6 5. a4 Nc6 6. h3 Nf6 7. Nf3 O-O 8. e5 Nd7 9. exd6 cxd6 10. Bc4 Nb6 11. Ba2 Nb4 12. Qd2 Nxa2 13. Nxa2 Nc4 14. Qc1 Nxe3 15. Qxe3 Qb6 16. b3 e5 17. dxe5 Qxe3+ 18. fxe3 dxe5 19. e4 f5 20. Nc3 Bd7 21. O-O-O Bc6 22. exf5 gxf5 23. Nd5 Rae8 24. Rhe1 e4 25. Ng1 f4 26. Ne2 f3 27. gxf3 exf3 28. Ng3 Rxe1 29. Rxe1 Bxd5 0-1

[Event "December 12 Late 2023"]
[Site "https://www.chess.com"]
[Date "2023.12.12"]
[Round "2"]
[White "Nasuta, Grzegorz"]
[Black "Clarke, Matthew"]
[Result "1-0"]
[Board "70"]
[TimeControl "180+1"]
[WhiteFideId "1141686"]
[BlackFideId "3227804"]
[WhiteElo "2682"]
[BlackElo "2228"]
[WhiteTeam "POL"]
[BlackTeam "AUS"]
[WhiteClock "0:01:07"]
[BlackClock "0:00:00"]

1. e4 e5 2. Nf3 Nc6 3. Bc4 Bc5 4. O-O Nf6 5. d3 d6 6. c3 O-O 7. h3 a5 8. Re1 Be6 9. Bb5 Bb6 10. Nbd2 Ne7 11. d4 Ng6 12. Ba4 Qb8 13. Nf1 Qa7 14. Ng3 h6 15. Be3 c6 16. Bc2 Rfe8 17. Qd2 Kh7 18. Nf5 Bxf5 19. exf5 Nf8 20. dxe5 dxe5 21. Bxb6 Qxb6 22. Nxe5 Qxb2 23. Nxf7 N8d7 24. Reb1 Qa3 25. Rxb7 Nc5 26. Rbb1 Nce4 27. Bxe4 Nxe4 28. Qc2 Qxc3 29. Qxc3 Nxc3 30. Rb7 Rab8 31. Rd7 Rb2 32. f6 Rg8 33. Ne5 Re2 34. Nxc6 Kg6 35. Ne7+ 1-0

[Event "December 12 Late 2023"]
[Site "https://www.chess.com"]
[Date "2023.12.12"]
[Round "2"]
[White "Bullen, Alex"]
[Black "Krallis, Christos"]
[Result "0-1"]
[Board "71"]
[TimeControl "180+1"]
[WhiteFideId "1801627"]
[BlackFideId "4298896"]
[WhiteElo "2216"]
[BlackElo "2673"]
[WhiteTeam "WLS"]
[BlackTeam "GRE"]
[WhiteClock "0:00:33"]
[BlackClock "0:00:50"]

1. e4 e5 2. Bc4 Nf6 3. d3 Be7 4. f4 Nc6 5. Nf3 d6 6. c3 O-O 7. O-O Bg4 8. Qe1 a6 9. f5 Bxf3 10. Rxf3 Na5 11. Nd2 b5 12. Bb3 Nxb3 13. axb3 d5 14. b4 c5 15. bxc5 Bxc5+ 16. Kh1 Bb6 17. exd5 Qxd5 18. Ne4 Nxe4 19. dxe4 Qc4 20. f6 g6 21. Rh3 Rfd8 22. Bg5 h5 23. Rxh5 gxh5 24. Qh4 Qe2 25. h3 Rd1+ 26. Rxd1 Qxd1+ 27. Kh2 Qg1+ 28. Kg3 Bf2+ 0-1

[Event "December 12 Late 2023"]
[Site "https://www.chess.com"]
[Date "2023.12.12"]
[Round "2"]
[White "Tokat, Nehir"]
[Black "Piesik, Piotr"]
[Result "0-1"]
[Board "72"]
[TimeControl "180+1"]
[WhiteFideId "34557555"]
[BlackFideId "1136194"]
[WhiteElo "2186"]
[BlackElo "2673"]
[WhiteTeam "TUR"]
[BlackTeam "CZE"]
[WhiteClock "0:00:33"]
[BlackClock "0:01:27"]

1. d4 c5 2. d5 e5 3. c4 d6 4. Nc3 Be7 5. g3 Bg5 6. Bg2 Bxc1 7. Qxc1 Ne7 8. e4 O-O 9. Nge2 f5 10. O-O Nd7 11. exf5 Nxf5 12. Ne4 h6 13. Rb1 Nf6 14. b4 cxb4 15. Rxb4 b6 16. f4 Nxe4 17. Bxe4 Qc7 18. Kh1 exf4 19. Nxf4 Qc5 20. a3 Qd4 21. Bb1 Ne3 22. Re1 Ng4 23. Ne6 Bxe6 24. dxe6 Rf2 0-1

[Event "December 12 Late 2023"]
[Site "https://www.chess.com"]
[Date "2023.12.12"]
[Round "2"]
[White "Goryachkina, Aleksandra"]
[Black "BestestBP"]
[Result "1-0"]
[Board "73"]
[TimeControl "180+1"]
[WhiteFideId "4147103"]
[WhiteElo "2666"]
[BlackElo "2160"]
[WhiteTeam "FID"]
[WhiteClock "0:00:14"]
[BlackClock "0:00:08"]

1. e4 e5 2. Nf3 Nc6 3. Bc4 Nf6 4. d3 h6 5. c3 d6 6. Nbd2 g6 7. O-O Bg7 8. b4 a6 9. a4 O-O 10. Re1 Be6 11. Qb3 d5 12. exd5 Nxd5 13. Qc2 Nf4 14. Bxe6 Nxe6 15. Nc4 Qd5 16. Ba3 Rfd8 17. Rad1 b5 18. Ne3 Qd7 19. Bb2 Nf4 20. d4 exd4 21. Nxd4 Bxd4 22. cxd4 Nxb4 23. Qd2 Nbd3 24. d5 Nxb2 25. Qxb2 h5 26. Qd4 Qd6 27. g3 Nh3+ 28. Kg2 Ng5 29. h4 Ne6 30. Qb2 Nc5 31. axb5 axb5 32. Qxb5 Rdb8 33. Qc6 Qxc6 34. dxc6 Ra6 35. Nd5 Kf8 36. Nxc7 Rxc6 37. Nd5 Re8 38. Rxe8+ Kxe8 39. Rc1 Kd7 40. Nb4 Rc8 41. Rd1+ Ke7 42. Rc1 Kd7 43. Rd1+ Ke7 44. Nd5+ Kf8 45. Rc1 Ke8 46. Nb6 Rc6 47. Na4 Nxa4 48. Rxc6 Nb2 49. Rc3 Na4 50. Re3+ Kf8 51. Re5 Nc3 52. Kf3 Na4 53. Kf4 Nb6 54. Rc5 Nd7 55. Rc7 Nf6 56. Rc8+ Kg7 57. f3 Nd5+ 58. Ke5 Nb4 59. Ra8 Nd3+ 60. Ke4 Nc5+ 61. Kd4 Ne6+ 62. Ke5 Nc5 63. Rc8 Nd3+ 64. Ke4 Nb4 65. Rc4 Na6 66. Kd5 Nb8 67. Kd6 Na6 68. Ra4 Nb8 69. Ra8 g5 70. Rxb8 gxh4 71. gxh4 Kg6 72. Ke5 f6+ 73. Kf4 f5 74. Rb6+ Kh7 75. Kxf5 Kg7 76. Kg5 Kh7 77. f4 Kg7 78. f5 Kf7 79. Rb7+ Kf8 80. Kg6 Ke8 81. f6 Kd8 82. f7 Kc8 83. Re7 Kb8 84. f8=Q# 1-0

[Event "December 12 Late 2023"]
[Site "https://www.chess.com"]
[Date "2023.12.12"]
[Round "2"]
[White "kleong12"]
[Black "Goltsev, Dmitry"]
[Result "0-1"]
[Board "74"]
[TimeControl "180+1"]
[BlackFideId "24176710"]
[WhiteElo "2155"]
[BlackElo "2665"]
[BlackTeam "RUS"]
[WhiteClock "0:00:00"]
[BlackClock "0:01:42"]

1. d4 e6 2. Bf4 d5 3. e3 Nf6 4. Nf3 Bd6 5. Ne5 Nc6 6. Bb5 Bd7 7. Nxd7 Qxd7 8. Bg3 Ne4 9. Nd2 Nxg3 10. hxg3 a6 11. Bd3 h6 12. c3 e5 13. dxe5 Nxe5 14. Be2 O-O-O 15. e4 dxe4 16. Nxe4 f5 17. Nxd6+ Qxd6 18. Qc2 g6 19. Rd1 Qb6 20. O-O h5 21. b3 Rde8 22. Rfe1 h4 23. gxh4 Rxh4 24. Rd4 Ng4 25. Red1 Reh8 0-1

[Event "December 12 Late 2023"]
[Site "https://www.chess.com"]
[Date "2023.12.12"]
[Round "2"]
[White "Luxama, Jacques Muller"]
[Black "Tokhirjonova, Gulrukhbegim"]
[Result "1/2-1/2"]
[Board "75"]
[TimeControl "180+1"]
[WhiteFideId "11900113"]
[BlackFideId "14203626"]
[WhiteElo "2136"]
[BlackElo "2656"]
[WhiteTeam "HAI"]
[BlackTeam "USA"]
[WhiteClock "0:01:12"]
[BlackClock "0:00:25"]

1. e4 e5 2. Nf3 Nc6 3. Bc4 Nf6 4. d3 Bc5 5. O-O d6 6. c3 Bb6 7. a4 a5 8. Be3 Bxe3 9. fxe3 Be6 10. Nbd2 O-O 11. Qb3 Qc8 12. Bxe6 fxe6 13. Ng5 Nd8 14. d4 h6 15. dxe5 dxe5 16. Ngf3 Nc6 17. Qb5 Ra6 18. Nxe5 Rb6 19. Nxc6 bxc6 20. Qc5 Rxb2 21. Nc4 Rc2 22. Ne5 Nxe4 23. Qxc6 Nf6 24. Ng6 Re8 25. Ne5 Qa8 26. Rac1 Ra2 27. Ra1 Rxa1 28. Rxa1 Qa7 29. Ng4 Kf7 30. Ne5+ Kg8 31. Ng4 Kf7 32. Ne5+ Kg8 1/2-1/2

[Event "December 12 Late 2023"]
[Site "https://www.chess.com"]
[Date "2023.12.12"]
[Round "2"]
[White "Karacsonyi, Gellert"]
[Black "Diaz Garcia, Lianet"]
[Result "1-0"]
[Board "76"]
[TimeControl "180+1"]
[WhiteFideId "764620"]
[BlackFideId "3526747"]
[WhiteElo "2655"]
[BlackElo "2067"]
[WhiteTeam "HUN"]
[BlackTeam "CUB"]
[WhiteClock "0:00:04"]
[BlackClock "0:00:00"]

1. e4 c5 2. Nf3 Nc6 3. d4 cxd4 4. Nxd4 g6 5. Nc3 Bg7 6. Be3 Nf6 7. Bc4 O-O 8. Bb3 d6 9. f3 Bd7 10. Qd2 Rc8 11. O-O-O Nxd4 12. Bxd4 b5 13. Nd5 Nxd5 14. Bxg7 Kxg7 15. exd5 a5 16. a3 Qc7 17. g4 b4 18. a4 e5 19. dxe6 Bxe6 20. Kb1 Bxb3 21. cxb3 Rfe8 22. h4 Qc6 23. h5 Qc7 24. hxg6 fxg6 25. Rh2 Re7 26. Rdh1 Kg8 27. Qd5+ Kh8 28. Qd4+ Kg8 29. Ka2 Qc5 30. Qf6 Qe5 31. Qh4 Rec7 32. Qf2 Rc2 33. Qxc2 Rxc2 34. Rxc2 Qd5 35. Rc8+ Kg7 36. Rc7+ Kf6 37. Rhxh7 Kg5 38. Rhf7 Qd4 39. Ra7 Qc5 40. Rfb7 Qe3 41. Rb5+ Kf4 42. Rf7+ Kg3 43. Rxa5 Kf2 44. Rb5 Ke1 45. Rxb4 1-0

[Event "December 12 Late 2023"]
[Site "https://www.chess.com"]
[Date "2023.12.12"]
[Round "2"]
[White "Burke, Paul"]
[Black "Mendes Aaron Reeve"]
[Result "0-1"]
[Board "77"]
[TimeControl "180+1"]
[WhiteFideId "2605767"]
[BlackFideId "25954938"]
[WhiteElo "1836"]
[BlackElo "2655"]
[WhiteTeam "CAN"]
[BlackTeam "CAN"]
[WhiteClock "0:00:12"]
[BlackClock "0:00:53"]

1. e4 c5 2. Nf3 d6 3. d4 cxd4 4. c3 dxc3 5. Nxc3 Nc6 6. Bc4 e6 7. O-O Nf6 8. Qe2 Be7 9. Rd1 Qa5 10. Bd2 Qh5 11. Bg5 Ne5 12. Bxf6 Nxf3+ 13. Qxf3 Qxf3 14. gxf3 gxf6 15. Nb5 Kd7 16. f4 Rg8+ 17. Kf1 Rg4 18. f5 Rxe4 19. fxe6+ fxe6 20. Bd3 Rh4 21. Nd4 a6 22. Nf3 Rh5 23. Rac1 b5 24. Be4 d5 25. Bd3 Bb7 26. a3 Rg8 27. b4 Rh3 28. Ke2 Bd6 29. Rg1 Re8 30. Rg7+ Re7 31. Rxe7+ Kxe7 32. Nd4 Rxh2 33. Nc6+ Kd7 34. Na5 Ba8 35. a4 Bxb4 36. Nb3 bxa4 37. Nc5+ Bxc5 38. Rxc5 Bc6 39. Bxa6 Kd6 40. Ra5 Rh4 41. Bd3 e5 42. Ra6 Rb4 43. Bxh7 Kc7 44. Ra7+ Bb7 45. Bg8 Kb6 0-1